 Dungeon Crawl Stone Soup version 0.28-a0-834-g1a73be5ee4 (webtiles) character file.

Game seed: 17112150910783109239

44 cheechan the Bolt Thrower (level 3, -4/24 HPs)
             Began as an Octopode Hunter on Nov 11, 2021.
             Slain by Crazy Yiuf (18 damage)
             ... on level 2 of the Dungeon.
             The game lasted 00:07:13 (1942 turns).

cheechan the Bolt Thrower (Octopode Hunter)         Turns: 1942, Time: 00:07:16

Health: -4/24      AC:  1    Str: 11    XL:     3   Next: 62%
Magic:  0/3        EV: 13    Int: 13    God:
Gold:   30         SH:  0    Dex: 13    Spells: 2/2 levels left

rFire   x . .      SeeInvis .   a - +1 hand crossbow (vorpal)
rCold   + . .      Faith    .   (no shield)
rNeg    . . .      Spirit   .   (helmet restricted)
rPois   .          Reflect  .   (no amulet)
rElec   .          Harm     .   f - ring of ice
rCorr   .          Rampage  .   (no ring)
Will    .....                   (no ring)
Stlth   +++.......              (no ring)
HPRegen 0.08/turn               (no ring)
MPRegen 0.08/turn               (no ring)
                                (no ring)
                                (no ring)

@: no status effects
A: almost no armour, amphibious, 8 rings, camouflage 1, gelatinous body 1,
(nimble swimmer 1), tentacles
a: no special abilities


You were on level 2 of the Dungeon.
You visited 1 branch of the dungeon, and saw 2 of its levels.

You collected 30 gold pieces.

Inventory:

Hand Weapons
 a - a +1 vorpal hand crossbow (weapon)
 b - a +0 short sword
 l - a +0 hunting sling
Missiles
 c - 9 bolts (quivered ammo)
 g - 32 arrows
Jewellery
 f - a ring of ice (left tentacle)
Scrolls
 k - a scroll of amnesia
Potions
 e - a potion of lignification
 h - a potion of degeneration {unknown}
 i - 2 potions of flight {unknown}
 j - a potion of magic {unknown}


   Skills:
 + Level 2.1 Fighting
 + Level 5.1 Crossbows
 + Level 2.1 Dodging
 + Level 1.6 Stealth


You had 2 spell levels left.
You didn't know any spells.
Your spell library was empty.

Dungeon Overview and Level Annotations

Branches:
Dungeon (2/15)

Altars:

Annotations:
D:2 Crazy Yiuf


Innate Abilities, Weirdness & Mutations

You cannot wear most types of armour.
You are amphibious.
You can wear up to eight rings at the same time.
Your skin changes colour to match your surroundings (Stealth+).
Your rubbery body absorbs attacks. (AC +1, EV +1)
((You are camouflaged near water. (Stealth+)))
You have tentacles for arms and can constrict up to eight enemies at once.


Message History

You see here a +0 mace.
You see here a +0 mace.
Crazy Yiuf says, "Gum return to song poople!"
You see here an adder corpse.
Crazy Yiuf grits, "Prologue!
Cod foot mumblescurry."
Fire: 12 bolts
Press: ? - help, Q - select action Shift-Dir - straight line, f - Crazy Yiuf
Aim: Crazy Yiuf, wielding a +2 quarterstaff of chaos and wearing a +0 cloak (69% to hit)
You shoot a bolt. The bolt closely misses Crazy Yiuf.
Crazy Yiuf hits you with a +2 quarterstaff of chaos!
Fire: 11 bolts
Press: ? - help, Shift-Dir - straight line, f/p - Crazy Yiuf
Aim: Crazy Yiuf, wielding a +2 quarterstaff of chaos and wearing a +0 cloak (69% to hit)
You shoot a bolt. The bolt hits Crazy Yiuf.
Crazy Yiuf is moderately wounded.
Crazy Yiuf grits, "Pitchfork head hand!"
Crazy Yiuf misses you.
Fire: 10 bolts
Press: ? - help, Shift-Dir - straight line, f/p - Crazy Yiuf
Aim: Crazy Yiuf, wielding a +2 quarterstaff of chaos and wearing a +0 cloak (moderately wounded, 69% to hit)
You shoot a bolt. The bolt barely misses Crazy Yiuf.
Crazy Yiuf hits you with a +2 quarterstaff of chaos!
You are confused.
Crazy Yiuf hits you with a +2 quarterstaff of chaos.
* * * LOW HITPOINT WARNING * * *
Crazy Yiuf draws strength from your wounds!
You feel much better.
Crazy Yiuf hits you with a +2 quarterstaff of chaos!
Ouch! That really hurt!
You feel your power leaking away.
You feel much better. Crazy Yiuf closely misses you.
You're too confused to move!
Crazy Yiuf closely misses you.
You feel less confused.
You clumsily bash Crazy Yiuf but do no damage.
Your grab misses Crazy Yiuf. Your squeeze misses Crazy Yiuf.
Crazy Yiuf is lightly wounded.
Crazy Yiuf hits you with a +2 quarterstaff of chaos!
You are electrocuted!!
Ouch! That really hurt!
You die...

#..............####.#...#.#..#.
#...###.######†........##.#..#.
#.#............†..........#..#'
#.#.....######..............<..
#.##.#########.........##......
#.#...(.....(..................
#.#.#.#####........######......
#.#.#..####...g....# #......
#........##...@....# #......
#.......†...)......# #......
#........##........# #######
#........##........#
#........##.##.#####
#........##.##.#
#........##.#### #........##.#
#.######..#.#


You could see Crazy Yiuf.

Vanquished Creatures
  2 adders (D:2)
  A dart slug (D:2)
  An endoplasm (D:2)
  3 giant cockroaches
  2 goblins
  A hobgoblin (D:1)
  3 kobolds
  4 ball pythons
  3 bats
  4 frilled lizards
  4 rats
28 creatures vanquished.

Notes
Turn   | Place    | Note
-------+----------+-------------------------------------------
     0 | D:1      | cheechan the Octopode Hunter began the quest for the Orb.
     0 | D:1      | Reached XP level 1. HP: 14/14 MP: 1/1
   314 | D:1      | Reached XP level 2. HP: 15/19 MP: 2/2
   447 | D:1      | Found a faded altar of an unknown god.
  1770 | D:2      | Reached XP level 3. HP: 24/24 MP: 3/3
  1788 | D:2      | Reached skill level 5 in Crossbows
  1896 | D:2      | Found a runed translucent door.
  1897 | D:2      | Noticed Crazy Yiuf
  1942 | D:2      | Slain by Crazy Yiuf

Illustrated notes

Levels and vault maps discovered:
D:1:      kennysheep_arrival_forest, layout_basic,
          shapermc_ecumenical_altar_venn
D:2:      layout_basic, uniq_robin, uniq_crazy_yiuf_cottage

Skill      XL: |  1  2  3 |
---------------+----------+-----
Crossbows      | 5 |  5.1
Fighting       | |  2.1
Dodging        | |  2.1
Stealth        | |  1.6

Action                   || total
-------------------------++-------
Melee: Hand crossbow     ||    19
       Constrict         ||     8
       Tentacles         ||     2
 Fire: Hand crossbow     ||    34
  Use: Scroll            ||     5
       Potion            ||     2
Armor: Skin              ||     3
Dodge: Dodged            ||    19

Table legend: (Time is in decaauts)
 A = Elapsed time spent in this place.
 B = Non-inter-level travel time spent in this place.
 C = Inter-level travel time spent in this place.
 D = Time resting spent in this place.
 E = Time spent auto-exploring this place.
 F = Levels seen in this place.
 G = Mean time per level.
                   A        B        C        D        E       F      G
               +--------+--------+--------+--------+--------+-----+--------+
         Total |   1959 |   1959 |      0 |      0 |      0 |   2 |  979.5 |
       Dungeon |   1959 |   1959 |      0 |      0 |      0 |   2 |  979.5 |
               +--------+--------+--------+--------+--------+-----+--------+

Top non-repeatable levels by time:
     D:1: 1315 daAuts
     D:2: 644 daAuts
